 Dungeon Crawl Stone Soup version 0.25-a0-942-g87a53962fc (webtiles) character file.

Game seed: 17711069838842449581, levelgen mode: deterministic

18738 Flugslaktarn the Cleaver (level 12, -2/110 HPs)
             Began as a Minotaur Fighter on May 7, 2020.
             Was an Initiate of Gozag.
             Killed from afar by an ice statue (17 damage)
             ... with a bolt of cold
             ... in an ice cave.
             The game lasted 00:06:50 (14438 turns).

Flugslaktarn the Cleaver (Minotaur Fighter)        Turns: 14438, Time: 00:06:51

Health: -2/110     AC: 24    Str: 25    XL:     12   Next: 30%
Magic:  15/15      EV:  7    Int:  5    God:    Gozag
Gold:   1685       SH: 12    Dex: 11    Spells: 11/11 levels left

rFire    . . .     SeeInvis .   s - +2 war axe (vorpal)
rCold    . . .     Gourm    .   c - +0 kite shield
rNeg     . . .     Faith    .   y - +0 plate armour
rPois    .         Spirit   .   (helmet restricted)
rElec    .         Reflect  .   b - +2 cloak
rCorr    +         Harm     .   j - +1 pair of gloves
MR       .....                  A - +2 pair of boots
Stlth    ..........             (no amulet)
HPRegen  0.28/turn              k - ring of resist corrosion
MPRegen  0.14/turn              (no ring)

@: no status effects
A: retaliatory headbutt, horns 2
a: Potion Petition, Call Merchant, Bribe Branch, Renounce Religion


You were in an ice cave.
You worshipped Gozag.
Gozag was most pleased with you.
You were not hungry.

You visited 2 branches of the dungeon, and saw 12 of its levels.
You also visited: Ice Cave.

You collected 2776 gold pieces.
You paid 1091 gold pieces to Gozag.

Inventory:

Hand Weapons
 a - a +0 war axe
 s - a +2 vorpal war axe (weapon)
   (You found it on level 3 of the Dungeon)
Missiles
 i - 6 throwing nets (quivered)
Armour
 b - a +2 cloak (worn)
   (You took it off Crazy Yiuf on level 3 of the Dungeon)
 c - a +0 kite shield (worn)
 j - a +1 pair of gloves (worn)
   (You found it on level 6 of the Dungeon)
 y - a +0 plate armour (worn)
   (You took it off an orc warrior on level 8 of the Dungeon)
 A - a +2 pair of boots (worn)
   (You found it on level 2 of the Lair of Beasts)
Jewellery
 k - a ring of resist corrosion (left hand)
   (You found it on level 3 of the Lair of Beasts)
Wands
 l - a wand of iceblast (7)
   (You found it on level 6 of the Dungeon)
Scrolls
 f - 4 scrolls of immolation
 p - 6 scrolls of enchant weapon
 t - 3 scrolls of teleportation
 u - 3 scrolls of fog
 x - 7 scrolls of remove curse
 B - 2 scrolls of enchant armour
Potions
 d - 4 potions of might
 g - a potion of degeneration {unknown}
 h - 2 potions of haste
 m - 3 potions of mutation {unknown}
 n - a potion of magic {unknown}
 o - a potion of stabbing
 q - 8 potions of curing
 r - 2 potions of heal wounds {unknown}
 v - 2 potions of lignification
 z - 2 potions of flight {unknown}
Comestibles
 e - 10 rations


   Skills:
 + Level 11.1 Fighting
 + Level 13.8 Axes
 + Level 11.1 Armour
 - Level 2.2 Dodging
 - Level 10.9 Shields
 - Level 6.0 Evocations


You had 11 spell levels left.
You didn't know any spells.
Your spell library was empty.

Dungeon Overview and Level Annotations

Branches:
Dungeon (9/15)             Temple (0/1) D:6            Lair (3/6) D:9
 Spider (0/4) Lair:2        IceCv (1/1)
  Swamp: Lair:2-4    Shoals: Lair:2-4       Orc: D:9-12

Altars:
Cheibriados
Elyvilon
Gozag
Hepliaklqana
Nemelex Xobeh
Ru
Uskayaw
Wu Jian
Xom
Yredelemnul
Zin
The Shining One
Beogh

Shops:
D:6 *   Lair:1 *(

Annotations:
IceCv exclusion: ice statue


Innate Abilities, Weirdness & Mutations

You reflexively headbutt those who attack you in melee.
You have a pair of horns on your head.


Message History

You slash the ice beast!
You are engulfed in freezing vapours.
The ice statue gestures at you. The freezing blast engulfs you!!
Unknown command.
You completely miss the ice statue.
The ice statue is severely damaged.
You slash the ice beast!
You kill the ice beast!
You barely miss the ice beast.
You are engulfed in freezing vapours.
You block the ice beast's attack.
Unknown command.
You slash the ice statue!
You headbutt the ice statue, but do no damage.
The ice statue is severely damaged.
You hit the ice beast but do no damage.
You are engulfed in freezing vapours.
* * * LOW HITPOINT WARNING * * *
The ice statue gestures at you. The bolt of cold hits you!
You die...
Your body crumbles into a pile of gold.

#...###.###
##..#####.##
##..###...#
##......##
#....#..#
##.####.#
#####..#
##°##..#
#Y@○..##
#○.8.°°##
#..#..####
#. #.# ##


You could see an ice statue and an ice beast.

Vanquished Creatures
  Harold (D:7)
  4 torpor snails (Lair:1)
  Maggie (D:9)
  7 spiny frogs
  2 rime drakes (Lair:3)
  3 komodo dragons
  12 polar bears
  3 hippogriffs
  9 blink frogs
  4 hogs (D:8)
  7 yaks
  A human (D:8)
  6 water moccasins
  4 orc warriors
  12 black bears
  3 sky beasts
  3 ice beasts
  5 ogres
  7 wolves
  3 centaurs
  3 phantoms
  4 crocodiles
  8 bullfrogs
  3 big kobolds (D:7)
  8 scorpions
  3 wights (D:7)
  3 crimson imps
  A centaur zombie (D:7)
  A jelly (D:8)
  A bullfrog zombie (D:5)
  3 orc priests
  4 hounds
  6 orc wizards
  Crazy Yiuf (D:3)
  A centaur skeleton (D:8)
  2 iguanas
  4 worker ants
  Natasha (thrice) (D:3)
  A killer bee zombie (D:8)
  2 hound skeletons
  A mummy (D:7)
  A worker ant zombie (D:6)
  13 adders
  A howler monkey skeleton (D:7)
  2 shadow imps
  An ooze (D:1)
  An adder skeleton (D:8)
  3 worms
  2 dart slugs (D:2)
  10 leopard geckos
  43 orcs
  7 giant cockroaches
  8 goblins
  12 hobgoblins
  14 jackals
  24 kobolds
  4 quokkas
  8 bats
  5 frilled lizards
  A leopard gecko skeleton (D:8)
  9 rats
  4 fungi
  A plant (Lair:2)
334 creatures vanquished.

Vanquished Creatures (others)
  A yak (IceCv)
  4 fungi
5 creatures vanquished.

Grand Total: 339 creatures vanquished

Notes
Turn   | Place    | Note
-------+----------+-------------------------------------------
     0 | D:1      | Flugslaktarn the Minotaur Fighter began the quest for the
                  | Orb.
     0 | D:1      | Reached XP level 1. HP: 19/19 MP: 0/0
    60 | D:1      | Reached XP level 2. HP: 25/27 MP: 1/1
   148 | D:1      | Reached skill level 3 in Axes
   568 | D:1      | Reached XP level 3. HP: 33/33 MP: 2/2
  1143 | D:2      | Found a faded altar of an unknown god.
  1292 | D:2      | Reached XP level 4. HP: 36/40 MP: 3/3
  1620 | D:3      | Reached skill level 4 in Axes
  1647 | D:2      | HP: 2/41 [orc wizard/magic dart (5)]
  1942 | D:3      | Reached XP level 5. HP: 38/47 MP: 4/4
  2327 | D:3      | Found a sparkling altar of Nemelex Xobeh.
  2347 | D:3      | Noticed Natasha
  2354 | D:3      | Killed Natasha
  2357 | D:3      | Noticed Natasha
  2363 | D:3      | Killed Natasha
  2401 | D:3      | Noticed Natasha
  2413 | D:3      | Killed Natasha
  2413 | D:3      | Reached skill level 5 in Axes
  2536 | D:3      | Found a runed translucent door.
  2537 | D:3      | Noticed Crazy Yiuf
  2755 | D:3      | Reached XP level 6. HP: 52/55 MP: 5/5
  2943 | D:3      | Killed Crazy Yiuf
  3233 | D:4      | Reached skill level 5 in Armour
  3233 | D:4      | Reached skill level 5 in Shields
  3262 | D:4      | Found an opulent altar of Gozag.
  3292 | D:4      | Found a sacrificial altar of Ru.
  3327 | D:4      | Became a worshipper of Gozag Ym Sagoz the Greedy
  3376 | D:4      | Reached skill level 5 in Fighting
  3874 | D:4      | You fall into a shaft and drop 1 floor!
  3874 | D:5      | Entered Level 5 of the Dungeon
  3954 | D:5      | Reached skill level 6 in Axes
  3954 | D:5      | Reached XP level 7. HP: 57/61 MP: 6/6
  4219 | D:5      | Found a basalt altar of Yredelemnul.
  4281 | D:5      | Noticed a +0 dagger
  4285 | D:5      | Found a hide-covered altar of Uskayaw.
  4285 | D:5      | Noticed a +0 hand axe
  4508 | D:5      | Reached skill level 7 in Axes
  4957 | D:5      | Found the +7 Singing Sword {vorpal, sonic wave}
  5013 | D:5      | Reached XP level 8. HP: 70/70 MP: 7/7
  5325 | D:6      | Found a staircase to the Ecumenical Temple.
  5354 | D:6      | Found Zin's Purification Station.
  5356 | D:6      | Found a glowing silver altar of Zin.
  5689 | D:6      | Found a shimmering altar of Xom.
  5692 | D:6      | Found a hazy altar of Hepliaklqana.
  5693 | D:6      | Noticed a spectral ugly thing
  5968 | D:6      | Found a glowing golden altar of the Shining One.
  6309 | D:7      | Noticed Harold
  6333 | D:7      | Reached skill level 8 in Axes
  6338 | D:7      | Killed Harold
  6338 | D:7      | Reached skill level 9 in Axes
  6338 | D:7      | Reached XP level 9. HP: 56/79 MP: 8/8
  6470 | D:7      | Found a snail-covered altar of Cheibriados.
  6911 | D:7      | Found a basalt altar of Yredelemnul.
  6954 | D:7      | Found an ornate altar of the Wu Jian Council.
  7271 | D:7      | Reached skill level 10 in Axes
  7854 | D:8      | Found a white marble altar of Elyvilon.
  8174 | D:8      | Found a sparkling altar of Nemelex Xobeh.
  8203 | D:8      | Reached skill level 11 in Axes
  8204 | D:8      | Reached XP level 10. HP: 80/90 MP: 9/9
  8503 | D:8      | Identified the Compendium of Flight and Combat Magic
  8837 | D:9      | Noticed Maggie
  8846 | D:9      | Killed Maggie
  8908 | D:9      | Found a hazy altar of Hepliaklqana.
  9162 | D:9      | Found a staircase to the Lair.
  9316 | D:9      | Reached skill level 12 in Axes
  9727 | D:9      | Found a roughly hewn altar of Beogh.
 10098 | Lair:1   | Entered Level 1 of the Lair of Beasts
 10631 | Lair:1   | Reached XP level 11. HP: 99/99 MP: 10/10
 10709 | Lair:1   | Reached skill level 10 in Shields
 10710 | Lair:1   | Reached skill level 10 in Armour
 11051 | Lair:1   | Found a snail-covered altar of Cheibriados.
 11065 | Lair:1   | Reached skill level 10 in Fighting
 11191 | Lair:1   | Reached skill level 13 in Axes
 11465 | Lair:1   | Reached skill level 1 in Evocations
 11966 | Lair:2   | Reached skill level 5 in Evocations
 12409 | Lair:2   | Reached skill level 1 in Dodging
 12726 | Lair:2   | Found a hole to the Spider Nest.
 13381 | Lair:3   | Reached XP level 12. HP: 96/108 MP: 15/15
 14004 | Lair:3   | Found a frozen archway.
 14016 | IceCv    | Entered an ice cave
 14438 | IceCv    | Killed from afar by an ice statue

Levels and vault maps discovered:
D:1:      psy_arrival_basics, layout_basic, minmay_misc_feat_chi
D:2:      layout_rooms, chequers_ecumenical_altar_simple, wad_floor_pattern_2,
          corexii_item_surrounded_by_moat
D:3:      layout_basic, nemelex_altar_shiori, first_ration,
          minmay_tree_intersection, uniq_natasha, uniq_crazy_yiuf_cottage
D:4:      layout_cave_pools, nicolae_ru_sacrificial_ziggurat,
          overflow_temple_1_default
D:5:      old_forge, layout_layer_cave, dancing_weapons_uskayaw,
          yredelemnul_altar_generic
D:6:      layout_gridville, regret_index_temple_of_mockery, zin_purify,
          marbit_many_paths, minmay_temple_entry_drinking_statues
D:7:      layout_basic, slow_altar_1, old_standard_altar,
          overflow_temple_1_default, uniq_harold
D:8:      layout_loops_corners, lemuel_round_altar, basic_altar,
          hangedman_abyss_or_decor_stabs, grunt_livestock, hangedman_decor_push
D:9:      layout_loops_ring, dpeg_oklobed_lair, basic_altar, special_room
          [special_room_orc], minmay_increasing_density, uniq_maggie
Lair:1:   beast_lair_carwin_large_3, layout_gridlike, kennysheep_snail_temple
Lair:2:   beast_lair_carwin_large_4, layout_regular_city,
          spider_nest_entry_web_field
Lair:3:   layout_hall_layers, portal_ice_cave_rime
IceCv:    ice_cave_caverns_02

Skill      XL: |  1  2  3  4  5  6  7  8  9 10 11 12 |
---------------+-------------------------------------+-----
Axes           | 3 4 5 6 7 9 11 12 13 | 13.8
Armour         | 4 5 6 7 8 9 10 11 | 11.1
Shields        | 4 5 6 7 8 9 10 | 10.9
Fighting       | 4 5 6 7 8 9 10 11 | 11.1
Evocations     | 6 |  6.0
Dodging        | 2 |  2.2

Action                   |  1- 3 |  4- 6 |  7- 9 | 10-12 || total
-------------------------+-------+-------+-------+-------++-------
Melee: War axe           |    91 |   135 |   218 |   441 ||   885
       Headbutt          |     9 |    24 |    37 |    72 ||   142
Invok: Call Merchant     |       |       |       |     2 ||     2
  Use: Scroll            |       |     9 |     5 |     4 ||    18
       Potion            |       |     2 |       |       ||     2
 Stab: Distracted        |       |       |     1 |     3 ||     4
  Eat: Chunk             |     1 |     6 |       |       ||     7
       Ration            |       |     1 |     4 |     6 ||    11
Armor: Scale mail        |    45 |    33 |       |       ||    78
       Chain mail        |       |    24 |    86 |    48 ||   158
       Plate armour      |       |       |       |   221 ||   221
Dodge: Dodged            |    31 |    37 |    50 |   100 ||   218
Block: Kite shield       |    58 |    76 |   105 |   272 ||   511

Table legend:
 A = Non-vault XP
 B = Vault XP
 C = Vault XP percentage of total XP
 D = Non-vault monster count
 E = Vault monster count
 F = Vault count percentage of total count
                 A         B        C        D         E       F
            +---------+---------+-------+---------+---------+-------
      Total |   14656 |   12113 |  45.3 |     245 |      85 |  25.8
            +---------+---------+-------+---------+---------+-------
        D:1 |      47 |       0 |   0.0 |      27 |       0 |   0.0
        D:2 |     109 |       0 |   0.0 |      30 |       0 |   0.0
        D:3 |     203 |      72 |  26.2 |      27 |       2 |   6.9
        D:4 |     262 |       0 |   0.0 |      17 |       0 |   0.0
        D:5 |     479 |     310 |  39.3 |      17 |       8 |  32.0
        D:6 |     293 |       5 |   1.7 |      10 |       1 |   9.1
        D:7 |    1221 |    1041 |  46.0 |      28 |       2 |   6.7
        D:8 |    1658 |     965 |  36.8 |      29 |       5 |  14.7
        D:9 |    1173 |    1037 |  46.9 |      17 |      31 |  64.6
     Lair:1 |    1544 |    3580 |  69.9 |       9 |      14 |  60.9
     Lair:2 |    4014 |    3258 |  44.8 |      17 |      14 |  45.2
     Lair:3 |    3653 |     766 |  17.3 |      17 |       2 |  10.5
      IceCv |       0 |    1079 | 100.0 |       0 |       6 | 100.0
            +---------+---------+-------+---------+---------+-------
